 Dungeon Crawl Stone Soup version 0.25-a0-591-g2ad0d861f1 (webtiles) character file.

Game seed: 17460140441105436945, levelgen mode: deterministic

1024 Delarado the Grappler (level 8, 0/52 HPs)
             Began as an Octopode Fighter on Mar 14, 2020.
             Slain by Prince Ribbit (16 damage)
             ... on level 6 of the Dungeon.
             The game lasted 00:14:45 (5761 turns).

Delarado the Grappler (Octopode Fighter)            Turns: 5761, Time: 00:14:45

Health: 0/52       AC:  1    Str: 15    XL:     8   Next: 22%
Magic:  8/8        EV: 12    Int: 10    God:
Gold:   170        SH: 10    Dex: 14    Spells: 7/7 levels left

rFire    . . .     SeeInvis .     - Unarmed
rCold    . . .     Gourm    +   a - +1 kite shield
rNeg     . . .     Faith    .   (helmet restricted)
rPois    .         Spirit   .   n - amulet of the gourmand
rElec    .         Reflect  .   (no ring)
rCorr    .         Harm     .   (no ring)
MR       .....                  (no ring)
Stlth    ++........             (no ring)
HPRegen  0.17/turn              (no ring)
MPRegen  0.11/turn              (no ring)
                                (no ring)
                                (no ring)

@: no status effects
A: almost no armour, stealthy swim, amphibious, 8 rings, constrict 8, camouflage
1, gelatinous body 1
a: no special abilities


You were on level 6 of the Dungeon.
You were very full.

You visited 1 branch of the dungeon, and saw 6 of its levels.

You collected 170 gold pieces.

Inventory:

Missiles
 g - 148 stones
 m - 2 poisoned darts (quivered)
 q - 4 javelins
Armour
 a - a +1 kite shield (worn)
Jewellery
 n - an amulet of the gourmand (around mantle)
 o - a cursed amulet of inaccuracy {unknown}
Scrolls
 d - a scroll of immolation
 e - a scroll of fear {unknown}
 h - 2 scrolls of fog
 i - 2 scrolls of amnesia
 j - 2 scrolls of remove curse
Potions
 b - a potion of might
 f - a potion of curing
 k - 2 potions of brilliance
 l - 2 potions of haste
 p - a potion of cancellation
 r - a potion of invisibility {unknown}
 s - a potion of heal wounds {unknown}
 u - a potion of resistance {unknown}
Comestibles
 c - 11 rations


   Skills:
 - Level 3.0 Fighting
 - Level 3.0 Dodging
 - Level 3.0 Shields
 + Level 9.5 Unarmed Combat


You had 7 spell levels left.
You didn't know any spells.
Your spell library was empty.

Dungeon Overview and Level Annotations

Branches:
Dungeon (5/15)
 Temple: D:4-7

Altars:
Fedhas
Sif Muna

Annotations:
D:2 1 runed translucent door, Crazy Yiuf
D:4 2 transporters, Kohma's ghost, amateur OpTm
D:6 Prince Ribbit


Innate Abilities, Weirdness & Mutations

You cannot wear most types of armour.
You are very stealthy in the water. (Stealth+)
You are amphibious.
You can wear up to eight rings at the same time.
You can use your tentacles to constrict eight enemies at once.
Your skin changes colour to match your surroundings (Stealth+).
Your rubbery body absorbs attacks. (AC +1, EV +1)


Message History

Prince Ribbit hits you.
You tentacle-slap Prince Ribbit. Your grab misses Prince Ribbit.
Prince Ribbit is lightly wounded.
Prince Ribbit croaks regally.
Prince Ribbit hits you!
You bludgeon Prince Ribbit! Your grab misses Prince Ribbit.
You squeeze Prince Ribbit.
Prince Ribbit is heavily wounded.
You block Prince Ribbit's attack. Prince Ribbit barely misses you.
You closely miss Prince Ribbit. Your grab misses Prince Ribbit.
Prince Ribbit is heavily wounded.
You block Prince Ribbit's attack.
You bludgeon Prince Ribbit! Your grab misses Prince Ribbit.
Prince Ribbit is almost dead.
Prince Ribbit hits you!
You closely miss Prince Ribbit. Your grab misses Prince Ribbit.
Your tentacle-slap misses Prince Ribbit.
Prince Ribbit is almost dead.
Prince Ribbit hits you!
You die...

#.##.##.# #.......#
####.#### ########.#
.........##
######...# ##
#..ยง..##########
F......###..........#
#.###.. #@#.######.#
#..###F#)# #.(.(..#)#
##(.##(##)#
...........#
.##.#.....## #.....#
#.....# #.....#


You could see Prince Ribbit.

Vanquished Creatures
  An orc warrior (D:6)
  A sky beast (D:4)
  An ogre (D:4)
  A phantom (D:4)
  A centaur (D:5)
  A hound (D:4)
  2 orc wizards (D:6)
  Natasha (thrice) (D:3)
  9 worker ants
  3 gnolls (D:4)
  8 adders
  A shadow imp (D:5)
  2 worms (D:2)
  3 dart slugs
  7 leopard geckos
  10 orcs
  3 giant cockroaches
  7 goblins
  7 hobgoblins
  7 jackals
  2 quokkas
  9 bats
  4 frilled lizards
  7 kobolds
  2 leopard gecko skeletons (D:4)
  10 rats
112 creatures vanquished.

Notes
Turn   | Place    | Note
-------+----------+-------------------------------------------
     0 | D:1      | Delarado the Octopode Fighter began the quest for the Orb.
     0 | D:1      | Reached XP level 1. HP: 16/16 MP: 1/1
   143 | D:1      | Reached XP level 2. HP: 19/21 MP: 2/2
   252 | D:1      | Reached skill level 3 in Unarmed Combat
   508 | D:1      | Reached XP level 3. HP: 24/26 MP: 3/3
   903 | D:2      | Found a shimmering blue altar of Sif Muna.
  1030 | D:2      | Reached skill level 4 in Unarmed Combat
  1094 | D:2      | Found a faded altar of an unknown god.
  1275 | D:2      | Reached XP level 4. HP: 31/31 MP: 4/4
  1788 | D:2      | Found a runed translucent door.
  1789 | D:2      | Noticed Crazy Yiuf
  2305 | D:3      | Found a blossoming altar of Fedhas.
  2325 | D:3      | Noticed Natasha
  2336 | D:3      | Killed Natasha
  2336 | D:3      | Reached skill level 5 in Unarmed Combat
  2336 | D:3      | Reached XP level 5. HP: 30/36 MP: 5/5
  2507 | D:3      | Noticed Natasha
  2652 | D:3      | Killed Natasha
  2769 | D:3      | Noticed Natasha
  2771 | D:3      | Killed Natasha
  3240 | D:3      | Reached skill level 6 in Unarmed Combat
  3421 | D:3      | Reached XP level 6. HP: 39/42 MP: 6/6
  3759 | D:4      | Found a transporter.
  3759 | D:4      | Noticed Kohma's ghost (amateur OpTm)
  3907 | D:4      | Found a transporter.
  3962 | D:4      | Reached skill level 7 in Unarmed Combat
  3962 | D:4      | Reached XP level 7. HP: 46/46 MP: 7/7
  4527 | D:5      | Entered Level 5 of the Dungeon
  4923 | D:5      | Reached skill level 8 in Unarmed Combat
  5472 | D:5      | Reached skill level 9 in Unarmed Combat
  5472 | D:5      | Reached XP level 8. HP: 52/52 MP: 8/8
  5510 | D:5      | You fall into a shaft and drop 1 floor!
  5525 | D:6      | Noticed Prince Ribbit
  5761 | D:6      | Slain by Prince Ribbit

Levels and vault maps discovered:
D:1:      evilmike_arrival_plus, layout_loops_ring,
          chequers_serial_rivers_micro_c, minmay_octomino_j4
D:2:      layout_loops_ring, lemuel_crystal_altar,
          chequers_ecumenical_altar_lobes, minmay_misc_feat_nine_boxes,
          grunt_decor_one_mirror, minivault_11, hex_tiny,
          uniq_crazy_yiuf_cottage
D:3:      layout_basic, fedhas_ov_isle_minmay, uniq_natasha
D:4:      layout_cave_pools, first_ration, gammafunk_ghost_mausoleum
D:5:      layout_loops_ring
D:6:      layout_loops_cross, minmay_temple_entry_statues_pillars, uniq_maggie,
          uniq_prince_ribbit1

Skill      XL: |  1  2  3  4  5  6  7 |
---------------+----------------------+-----
Unarmed Combat | 3 4 5 6 7 9 |  9.5
Fighting       | |  3.0
Dodging        | |  3.0
Shields        | |  3.0

Action                   |  1- 3 |  4- 6 |  7- 9 || total
-------------------------+-------+-------+-------++-------
Melee: Unarmed           |    68 |    99 |    82 ||   249
       Constrict         |    17 |    30 |    14 ||    61
       Tentacles         |    12 |    22 |    19 ||    53
       Punch             |     1 |     1 |     5 ||     7
Throw: Stone             |    28 |     1 |     6 ||    35
       Dart              |    15 |    66 |    20 ||   101
       Boomerang         |       |       |     4 ||     4
  Use: Scroll            |     3 |     4 |     7 ||    14
       Potion            |       |       |     3 ||     3
 Stab: Sleeping          |     8 |     2 |     1 ||    11
       Distracted        |       |       |     1 ||     1
  Eat: Chunk             |     6 |    13 |     5 ||    24
Armor: Skin              |     4 |     5 |     6 ||    15
Dodge: Dodged            |    22 |    38 |    21 ||    81
Block: Kite shield       |    18 |    33 |    28 ||    79

Table legend:
 A = Non-vault XP
 B = Vault XP
 C = Vault XP percentage of total XP
 D = Non-vault monster count
 E = Vault monster count
 F = Vault count percentage of total count
                 A         B        C        D         E       F
            +---------+---------+-------+---------+---------+-------
      Total |    1425 |      39 |   2.7 |     108 |       4 |   3.6
            +---------+---------+-------+---------+---------+-------
        D:1 |      43 |       4 |   8.5 |      24 |       3 |  11.1
        D:2 |      87 |       0 |   0.0 |      25 |       0 |   0.0
        D:3 |     161 |      35 |  17.9 |      23 |       1 |   4.2
        D:4 |     622 |       0 |   0.0 |      20 |       0 |   0.0
        D:5 |     263 |       0 |   0.0 |      10 |       0 |   0.0
        D:6 |     249 |       0 |   0.0 |       6 |       0 |   0.0
            +---------+---------+-------+---------+---------+-------
